 Dungeon Crawl Stone Soup version 0.31-a0-202-g547052bce9 (webtiles) character file.

Game seed: 15178080123432998321

35 lunkers the Magician (level 3, -2/28 HPs)
             Began as a Meteoran Wanderer on June 26, 2023.
             Slain by a gnoll
             ... wielding a +0 halberd
             ... led by a gnoll bouda
              (13 damage)
             ... on level 2 of the Dungeon.
             The game lasted 00:01:45 (453 turns).

lunkers the Magician (Meteoran Wanderer)             Turns: 453, Time: 00:01:46

Health: -2/28      AC:  7    Str: 16    XL:     3   Next: 76%
Magic:  10/10      EV:  9    Int: 13    God:
Gold:   93         SH:  0    Dex: 13    Spells: 9/12 levels left

rFire   . . .        a - +3 quarterstaff
rCold   + . .        (shield currently unavailable)
rNeg    . . .        b - +0 scale mail
rPois   .            (no helmet)
rElec   .            (no cloak)
rCorr   .            (no gloves)
SInv    .            e - +0 pair of boots
Will    .....        (no amulet) Stlth
                     f - ring of protection from cold
HPRegen 0.24/turn    (no ring)
MPRegen 0.12/turn

%: no passive effects
@: weakened, glowing
A: sense surroundings 1, otherworldly, glowing, explore regen
a: no special abilities


You were on level 2 of the Dungeon.
You visited 1 branch of the dungeon, and saw 2 of its levels.

You collected 93 gold pieces.

Inventory:

Hand Weapons
 a - a +3 quarterstaff (weapon)
Armour
 b - a +0 scale mail (worn)
 e - a +0 pair of boots (worn)
Jewellery
 f - a ring of protection from cold (left hand)
Potions
 c - a potion of haste
 g - 2 potions of curing


   Skills:
 - Level 1.1 Fighting
 + Level 5.2 Staves
 - Level 1.2 Armour
 - Level 1.2 Dodging
 - Level 5.3 Spellcasting


You had 9 spell levels left.
You knew the following spells:

 Your Spells              Type           Power      Damage    Failure   Level
p - Vhi's Electric Charg  Tloc/Air       6%         N/A       90%         3

Your spell library contained the following spells:

 Spells                   Type           Power      Damage    Failure   Level
 Cigotuvi's Dreadful Rot  Necr/Pois/Air  6%         N/A       71%         2
 Static Discharge         Conj/Air       6%         2-3/arc   71%         2
 Ignite Poison            Fire/Tmut/Pois 3%         N/A       90%         3
 Inner Flame              Hex/Fire       3%         N/A       90%         3
 Mephitic Cloud           Conj/Pois/Air  3%         N/A       90%         3
 Arcjolt                  Conj/Air       1%         1d11      100%        5
 Yara's Violent Unravell  Hex/Tmut       1%         3d3       100%        5
 Plasma Beam              Fire/Air       1%         2x1d11    100%        6
 Enfeeble                 Hex            1%         N/A       100%        7


Dungeon Overview and Level Annotations

Branches:
Dungeon (2/15) Zot: 741

Altars:


Innate Abilities, Weirdness & Mutations

You passively map a small area around you.
You are easily found by Zot.
You glow in the dark.
You regain HP and MP as you explore.


Message History

The bat hits you but does no damage. The bat barely misses you.
The bat closely misses you.
The gnoll bouda gazes fiercely through you!
You feel your attacks grow feeble.
Your attacks no longer feel as feeble.
The gnoll is no longer moving quickly.
The gnoll bouda barks out a call to the hunt!
The gnoll picks up the pace!
The gnoll bouda barks out a call to the hunt!
The gnoll picks up the pace!
The bat hits you but does no damage.
The gnoll bouda gazes fiercely through you!
You feel your attacks grow feeble. The bat hits you but does no damage.
The bat hits you.
The gnoll bouda barks out a call to the hunt!
You barely miss the bat. The bat closely misses you.
Your attacks no longer feel as feeble.
The bat hits you but does no damage.
The gnoll hits you from afar with a +0 spear.
You closely miss the gnoll bouda.
The gnoll hits you from afar with a +0 halberd.
* * * LOW HITPOINT WARNING * * *
The gnoll bouda hits you with a +0 whip.
* * * LOW HITPOINT WARNING * * *
You sock the gnoll bouda!
The gnoll bouda is severely wounded.
The gnoll completely misses you.
The gnoll bouda gazes fiercely through you!
You feel your attacks grow feeble. The gnoll bouda barely misses you.
You hit the gnoll bouda but do no damage.
The gnoll bouda is severely wounded.
The gnoll misses you.
The gnoll bouda mumbles some strange prayers to its god.
The gnoll bouda is healed somewhat.
You closely miss the gnoll bouda.
The gnoll bouda is moderately wounded.
The gnoll hits you from afar with a +0 halberd!
You die...

* , , #.#.##.......... *,
* #...............
#............... *##
#.#........####.
................# *
###.###..###.†###.#* ,
... #.b#.#..#.#.#*.
###.##.###b.#.#..#.#.##$
.......@ggg...........#.
,....##.###gg#.#..###..#.
. #. #..#.#..#.#..#. ,
,.. ,#..###.g#.#g.#. ,,
... ,..........ggg#. ....
##..###..###g... .....
#... #..#,#.... #.....
#..#*#..# #..>.
..........


You could see a gnoll bouda, 4 gnolls and a bat.

Vanquished Creatures
  A gnoll (D:1)
  2 ball pythons
  An endoplasm (D:1)
  2 giant cockroaches (D:1)
  3 goblins (D:1)
  A hobgoblin (D:2)
  3 jackals (D:1)
  A kobold (D:1)
  4 bats
  A frilled lizard (D:1)
  4 rats (D:1)
23 creatures vanquished.

Notes
Turn   | Place    | Note
-------+----------+-------------------------------------------
     0 | D:1      | lunkers the Meteoran Wanderer began the quest for the Orb.
     0 | D:1      | lunkers set off with the following items: a +2
                  | quarterstaff, a +0 scale mail, a potion of haste; and the
                  | following spells available to memorise: Cigotuvi's Dreadful
                  | Rot, Static Discharge.
     0 | D:1      | Reached XP level 1. HP: 16/16 MP: 7/7
    21 | D:1      | Got Arphuh's Book of the Foremost Xeniums
    72 | D:1      | Reached XP level 2. HP: 18/23 MP: 9/9
   283 | D:1      | Reached XP level 3. HP: 25/28 MP: 10/10
   380 | D:1      | Reached skill level 5 in Staves
   396 | D:2      | Learned a level 3 spell: Vhi's Electric Charge
   453 | D:2      | Slain by a gnoll

Illustrated notes

Levels and vault maps discovered:
D:1:      amcnicky_arrival_double_pillar, layout_basic
D:2:      layout_basic, hellmonk_ecumenical_altar_heavens_door,
          minmay_misc_feat_nine_boxes

Skill      XL: |  1  2  3 |
---------------+----------+-----
Staves         | 4 5 |  5.2
Fighting       | |  1.1
Armour         | |  1.2
Dodging        | |  1.2
Spellcasting   | |  5.3

Action                     || total
---------------------------++-------
  Melee: Quarterstaff      ||    63
    Use: Scroll            ||     3
 Armour: Scale mail        ||    34
  Dodge: Dodged            ||    32

Table legend: (Time is in decaauts)
 A = Elapsed time spent in this place.
 B = Non-inter-level travel time spent in this place.
 C = Inter-level travel time spent in this place.
 D = Time resting spent in this place.
 E = Time spent auto-exploring this place.
 F = Levels seen in this place.
 G = Mean time per level.
                   A        B        C        D        E       F      G
               +--------+--------+--------+--------+--------+-----+--------+
         Total |    457 |    457 |      0 |      0 |    275 |   2 |  228.5 |
       Dungeon |    457 |    457 |      0 |      0 |    275 |   2 |  228.5 |
               +--------+--------+--------+--------+--------+-----+--------+

Top non-repeatable levels by time:
     D:1: 390 daAuts
     D:2: 67 daAuts
